 Dungeon Crawl Stone Soup version 0.29-a0-509-g793eeb5391 (webtiles) character file.

Game seed: 12248023551035499571

26 Lekart the Skirmisher (level 2, -3/27 HPs)
             Began as a Draconian Chaos Knight on May 29, 2022.
             Was a Plaything of Xom.
             Succumbed to a goblin's poison
             ... on level 2 of the Dungeon.
             The game lasted 00:01:01 (1057 turns).

Lekart the Skirmisher (Draconian Chaos Knight)      Turns: 1057, Time: 00:01:01

Health: -3/27      AC:  4    Str: 14    XL:     2   Next: 89%
Magic:  2/2        EV: 12    Int: 12    God:    Xom [..*...]
Gold:   127        SH:  0    Dex: 10    Spells: 1/1 levels left

rFire   . . .      SeeInvis .   a - +0 falchion (chaos)
rCold   . . .      Faith    .   (no shield)
rNeg    . . .      Spirit   .   (body armour unavailable)
rPois   .          Reflect  .   (helmet restricted)
rElec   .          Harm     .   (no cloak)
rCorr   .          Rampage  .   (no gloves)
Will    .....                   (no boots)
Stlth   +.........              (no amulet)
HPRegen 0.09/turn               (no ring)
MPRegen 0.08/turn               (no ring)

@: lethally poisoned (-3 -> -41)
A: AC +4, unfitting armour, cold-blooded
a: Renounce Religion


You were on level 2 of the Dungeon.
You worshipped Xom.
You were a toy of Xom.
You visited 1 branch of the dungeon, and saw 2 of its levels.

You collected 127 gold pieces.

Inventory:

Hand Weapons
 a - a +0 falchion of chaos (weapon)
Potions
 f - a potion of might {unknown}
Miscellaneous
 b - a piece from Xom's chessboard (15/15) (quivered)


   Skills:
 * Level 4.0 Fighting
 + Level 3.4 Long Blades
 + Level 2.3 Dodging


You had one spell level left.
You didn't know any spells.
Your spell library contained the following spells:

 Spells                   Type           Power      Damage    Failure   Level
 Sandblast                Erth           0%         2d4       32%         1
 Passwall                 Tmut/Erth      0%         N/A       45%         2
 Stone Arrow              Conj/Erth      0%         3d7       69%         3


Dungeon Overview and Level Annotations

Branches:
Dungeon (2/15)

Altars:


Innate Abilities, Weirdness & Mutations

Your plain brown scales are hard. (AC +4)
You cannot fit into any form of body armour.
You are cold-blooded and may be slowed by cold attacks.


Message History

You tail-slap the hobgoblin, but do no damage.
The hobgoblin is heavily wounded.
You feel sick. The goblin hits you but does no damage.
The hobgoblin hits you but does no damage.
You completely miss the hobgoblin.
The hobgoblin is heavily wounded.
You feel your willpower return.
You feel sick. The goblin hits you but does no damage.
You are more poisoned.
The goblin hits you with a +0 dagger. The hobgoblin misses you.
You barely miss the hobgoblin.
Your tail-slap misses the hobgoblin.
The hobgoblin is moderately wounded.
You feel very sick.
The goblin hits you with a +2 dagger of venom.
You are lethally poisoned!
The goblin hits you but does no damage. The hobgoblin hits you.
You are too injured to fight recklessly!
You are too injured to fight recklessly!
You are too injured to fight recklessly!
It was a potion of heal wounds.
You feel much better.
You feel very sick.
You kill the hobgoblin!
The goblin hits you but does no damage.
You are lethally poisoned!
The goblin hits you but does no damage.
Unknown command.
You closely miss the goblin.
You feel extremely sick.
The goblin hits you with a +2 dagger of venom.
You are more poisoned.
The goblin barely misses you.
* * * LOW HITPOINT WARNING * * *
You feel extremely sick.
The goblin hits you with a +2 dagger of venom.
* * * LOW HITPOINT WARNING * * *
You are more poisoned.
The goblin hits you with a +0 dagger.
* * * LOW HITPOINT WARNING * * *
You die...
Xom bursts into laughter!

#.# #. #.##
.. ...##### #
#g #......#.#
#.##..#.#...#
#.#..........
#.#..†....#
#...g@†#..
#.<...g...#
#.........#
##....#.#.#
#........#
#)#####>..
#.# ..## #.#
..# #.#


You could see 2 goblins.

Vanquished Creatures
  2 dart slugs (D:1)
  4 endoplasms (D:1)
  A hobgoblin (D:2)
  A quokka (D:1)
  6 bats
  2 frilled lizards (D:1)
  3 goblins (D:1)
  A kobold (D:1)
  A rat (D:1)
21 creatures vanquished.

Notes
Turn   | Place    | Note
-------+----------+-------------------------------------------
     0 | D:1      | Lekart the Draconian Chaos Knight began the quest for the
                  | Orb.
     0 | D:1      | Reached XP level 1. HP: 19/19 MP: 1/1
    48 | D:1      | XOM: silly message
   454 | D:1      | Reached XP level 2. HP: 27/27 MP: 2/2
   565 | D:1      | XOM: silly message
   918 | D:1      | XOM: divination: detect items
   920 | D:1      | Reached skill level 4 in Fighting
   994 | D:1      | XOM: noise
  1057 | D:2      | Succumbed to a goblin's poison

Illustrated notes

Levels and vault maps discovered:
D:1:      co_arrival_square_in_a_square_in_a_square, layout_loops_ring
D:2:      layout_loops_ring, basic_altar, minmay_misc_feat_five,
          kennysheep_pointless_box, fountainhead, minmay_small_reverse_x,
          uniq_terence, uniq_jessica

Skill      XL: |  1  2 |
---------------+-------+-----
Fighting       | 4 |  4.0
Long Blades    | |  3.4
Dodging        | |  2.3

Action                   || total
-------------------------++-------
Melee: Falchion          ||    52
       Tailslap          ||     4
       Punch             ||     1
  Use: Scroll            ||     2
       Potion            ||     1
 Stab: Sleeping          ||     1
Armor: Skin              ||    28
Dodge: Dodged            ||    38

Table legend: (Time is in decaauts)
 A = Elapsed time spent in this place.
 B = Non-inter-level travel time spent in this place.
 C = Inter-level travel time spent in this place.
 D = Time resting spent in this place.
 E = Time spent auto-exploring this place.
 F = Levels seen in this place.
 G = Mean time per level.
                   A        B        C        D        E       F      G
               +--------+--------+--------+--------+--------+-----+--------+
         Total |   1063 |   1041 |     22 |      0 |    893 |   2 |  531.5 |
       Dungeon |   1063 |   1041 |     22 |      0 |    893 |   2 |  531.5 |
               +--------+--------+--------+--------+--------+-----+--------+

Top non-repeatable levels by time:
     D:1: 1051 daAuts
     D:2: 12 daAuts
